 Dungeon Crawl Stone Soup version 0.20.1-1-g8b1a95d (webtiles) character file.

132 LarsimusPrime the Covered (level 4, -1/41 HPs)
             Began as a Minotaur Fighter on Oct 19, 2017.
             Was an Initiate of Okawaru.
             Slain by an orc wizard
             ... wielding a +0 dagger
              (4 damage)
             ... on level 3 of the Dungeon.
             The game lasted 00:08:45 (2382 turns).

LarsimusPrime the Covered (Minotaur Fighter)        Turns: 2382, Time: 00:08:45

Health: -1/41      AC:  6    Str: 20    XL:     4   Next: 92%
Magic:  3/3        EV:  7    Int:  5    God:    Okawaru [......]
Gold:   62         SH:  0    Dex: 11    Spells: 3/3 levels left

rFire    . . .     SeeInvis .   a - +0 flail
rCold    . . .     Gourm    .   c - +0 shield
rNeg     + . .     Faith    .   b - +0 scale mail
rPois    +         Spirit   .   (helmet restricted)
rElec    .         Reflect  .   (no cloak)
rCorr    .         Harm     .   (no gloves)
MR       .....                  (no boots)
Stlth    ..........             (no amulet)
Regen    0.2/turn               g - ring of poison resistance
MPRegen  0.1/turn               w - ring of positive energy

@: confused
A: retaliatory headbutt, horns 2
a: Renounce Religion


You were on level 3 of the Dungeon.
You worshipped Okawaru.
Okawaru was noncommittal.
You were not hungry.

You visited 1 branch of the dungeon, and saw 3 of its levels.

You collected 62 gold pieces.

Inventory:

Hand Weapons
 a - a +0 flail (weapon)
 x - a +1 mace of venom
Armour
 b - a +0 scale mail (worn)
 c - a +0 shield (worn)
 B - a cursed +0 pair of gloves
Jewellery
 g - a ring of poison resistance (left hand)
 j - a +4 ring of intelligence
 k - an uncursed ring of loudness
 q - an uncursed ring of positive energy
 w - a ring of positive energy (right hand)
Wands
 v - a wand of iceblast (9/15)
 y - a wand of disintegration (17/24)
Scrolls
 h - 3 scrolls of teleportation
 m - 2 scrolls of noise {unknown}
 n - 3 scrolls of remove curse
 o - a scroll of fear {unknown}
 p - 3 scrolls of identify {unknown}
 r - a scroll of immolation {unknown}
 s - a scroll of recharging {unknown}
 u - a scroll of enchant weapon {unknown}
Potions
 d - 2 potions of might
 e - 2 potions of curing {unknown}
 A - a potion of magic {unknown}
Comestibles
 f - 2 bread rations
 i - 3 royal jellies
 l - 4 meat rations
 t - 2 chunks of flesh
 z - a fruit


   Skills:
 + Level 4.3(2.1) Fighting
 + Level 3.7(1.8) Maces & Flails
 + Level 4.8(2.4) Armour
 + Level 0.4(0.2) Dodging
 + Level 0.1(0.0) Stealth
 + Level 4.5(2.2) Shields


You had 3 spell levels left.
You didn't know any spells.

Dungeon Overview and Level Annotations

Branches:
Dungeon (3/15)

Altars:
Ashenzari
Kikubaaqudgha
Okawaru
Xom


Innate Abilities, Weirdness & Mutations

You reflexively headbutt those who attack you in melee.
You have a pair of horns on your head.


Message History

The orc hits you but does no damage. Something hits you but does no damage.
You bump into the rock wall.
The orc hits you with a war axe!
* * * LOW HITPOINT WARNING * * *
The orc completely misses you. Something hits you but does no damage.
You bump into the rock wall.
The orc hits you.
* * * LOW HITPOINT WARNING * * *
The orc barely misses you.
You hear some strange, mumbled words.
You are more confused.
You bump into the rock wall.
The orc barely misses you. The orc hits you but does no damage.
Something hits you but does no damage.
You hit the orc.
You kill the orc!
Okawaru accepts your kill. Something hits you but does no damage.
The orc hits you with a war axe!
* * * LOW HITPOINT WARNING * * *
An orc wizard appears from thin air!
Reactivating autopickup.
The orc wizard hits you with a dagger.
You die...

##.# #..## # ##.## #.#
#..# ####.# #.# #.#
#..# #... #.## ##.#
#..#####.# #..♣ ...#
#........#### #... .###
#.###.......# #.♣♣ ..#
#.# #.......# #.♣ ..#
#.# #.......##### #.#
#.# #.# #@o..........
..# #######
#.###.o.....##### ####
.#....#
#.............## #
#####.#
#####.......#...## # .#
#.#
#####...#.###..#..#####
## #.#
#.............###......
♣ #.#
#.###...#.##...#...<.).
## #.# #.#
##.##.##.#...###### .#
#.### #.# #.##.##.#..##


You could see an orc wizard and an orc.

Vanquished Creatures
  A gnoll (D:1)
  4 adders
  5 dart slugs
  A leopard gecko (D:2)
  5 orcs (D:3)
  5 giant cockroaches
  8 goblins
  8 hobgoblins
  4 jackals (D:3)
  7 kobolds
  2 quokkas
  2 ball pythons
  5 bats
  5 frilled lizards
  4 rats
66 creatures vanquished.

Notes
Turn   | Place    | Note
-------+----------+-------------------------------------------
     0 | D:1      | LarsimusPrime the Minotaur Fighter began the quest for the Orb.
     0 | D:1      | Reached XP level 1. HP: 19/19 MP: 0/0
   166 | D:1      | Reached XP level 2. HP: 17/27 MP: 1/1
   351 | D:1      | Reached XP level 3. HP: 29/33 MP: 2/2
   984 | D:2      | Found an ancient bone altar of Kikubaaqudgha.
  1222 | D:2      | Reached XP level 4. HP: 40/40 MP: 3/3
  2062 | D:3      | Found a faded altar of an unknown god.
  2085 | D:3      | Became a worshipper of Ashenzari the Shackled
  2085 | D:3      | Reached * piety under Ashenzari
  2293 | D:3      | Found a shimmering altar of Xom.
  2305 | D:3      | Found an iron altar of Okawaru.
  2313 | D:3      | Fell from the grace of Ashenzari
  2313 | D:3      | Became a worshipper of Warmaster Okawaru
  2382 | D:3      | Slain by an orc wizard

Skill      XL: |  1  2  3  4 |
---------------+-------------+-----
Armour         | 4 |  4.8
Fighting       | 4 |  4.3
Shields        | 4 |  4.5
Maces & Flails | 3 |  3.7
Dodging        | |  0.4
Stealth        | |  0.1

Action                   |  1- 3 |  4- 6 || total
-------------------------+-------+-------++-------
Melee: Flail             |    80 |   105 ||   185
       Headbutt          |     9 |    22 ||    31
  Use: Scroll            |       |     2 ||     2
  Eat: Chunk             |     1 |     4 ||     5
Armor: Scale mail        |    37 |    61 ||    98
Dodge: Dodged            |    31 |    25 ||    56
Block: Shield            |    48 |    65 ||   113
